Map: Tokamak LE

Players

BKO - Winner!

  • Race: Zerg Zerg
  • League: Master
  • Spawn Location: 7:00

ManlyManMeat

  • Race: Zerg Zerg
  • League: Diamond
  • Spawn Location: 1:00

VOD

Have the link to the VOD?

Description

Time

  • Played on: July 2, 2025, 7:55 a.m.
  • Length: 4:05
Show
View Real Time Build Order
Export as new Build Order

BKO Zerg - Winner!

Build Orders: Hatch First 

Get SALT Encoding   

  12  0:00  Drone  
  13  0:12  Overlord  
  13  0:16  Drone  
  14  0:30  Drone  
  14  0:31  Drone  
  14  0:34  Drone  
  17  0:51  Hatchery  
  17  0:53  Drone  
  17  0:58  Extractor  
  17  0:59  Drone  
  17  1:13  Spawning Pool  
  17  1:16  Drone  
  17  1:21  Drone  
  18  1:28  Drone  
  19  1:51  Overlord  
  19  1:59  Metabolic Boost  
  19  2:00  Queen  
  21  2:03  Queen  
  21  2:07  Zergling x2  
  24  2:10  Zergling x2  
  24  2:13  Zergling x2  
  26  2:33  Drone  
  26  2:35  Baneling Nest  
  26  2:40  Overlord  
  26  2:50  Overlord  
  26  2:51  Zergling x6  
  26  2:52  Zergling x2  
  30  3:08  Zergling x6  
  33  3:15  Zergling x4  
  33  3:16  Zergling x4  
  37  3:24  Baneling  
  37  3:25  Baneling  
  37  3:39  Drone x5  
Show
View Real Time Build Order
Export as new Build Order

ManlyManMeat Zerg 

Build Orders: Hatch First 

Get SALT Encoding   

  12  0:00  Drone  
  13  0:08  Drone  
  14  0:14  Extractor  
  14  0:16  Drone  
  15  0:22  Overlord  
  15  0:41  Drone  
  16  0:50  Drone, Hatchery  
  16  0:54  Drone  
  17  0:59  Drone  
  18  1:07  Extractor  
  17  1:15  Spawning Pool  
  17  1:17  Drone  
  17  1:21  Drone  
  18  1:26  Drone  
  19  1:38  Drone  
  20  2:00  Evolution Chamber  
  19  2:01  Queen x2  
  19  2:03  Zergling x4  
  25  2:09  Overlord  
  25  2:17  Metabolic Boost  
  25  2:19  Drone  
  26  2:23  Drone  
  27  2:34  Baneling Nest  
  27  2:36  Drone  
  27  2:37  Extractor  
  26  2:46  Zergling x6  
  29  2:57  Drone  
  29  2:58  Drone x2  
  32  3:06  Drone x2  
  34  3:24  Overlord x2  
  33  3:35  Zergling x6  
  33  3:41  Overlord x2  
  35  3:43  Zergling x2  
Tags
 
Matchup
ZvZ
Race
Zerg
Replay Pack
Myownreplay2
Spawn Locations
Cross Positions
Add a new tag
Caveats
  • Supply blocks, unpowered buildings, or Contaminate may cause inaccurate times.
  • Supply counts are checked every 10 seconds.